 Dungeon Crawl Stone Soup version 0.27.0-1-g7a089689b8 (webtiles) character file.

Game seed: 13649032968557358330

955 Brandom the Chopper (level 7, -3/63 HPs)
             Began as a Minotaur Chaos Knight on Aug 1, 2021.
             Was a Plaything of Xom.
             Slain by a killer bee zombie (5 damage)
             ... on level 6 of the Dungeon.
             The game lasted 00:10:13 (5050 turns).

Brandom the Chopper (Minotaur Chaos Knight)         Turns: 5050, Time: 00:10:16

Health: -3/63      AC: -5    Str: 18    XL:     7   Next: 91%
Magic:  6/6        EV: 12    Int:  9    God:    Xom [....*.]
Gold:   216        SH:  0    Dex: 10    Spells: 6/6 levels left

rFire    . . .     SeeInvis .   i - +0 battleaxe
rCold    . . .     Faith    .   (shield currently unavailable)
rNeg     . . .     Spirit   .   b - +2 leather armour
rPois    .         Reflect  .   (helmet restricted)
rElec    .         Harm     .   (no cloak)
rCorr    .         Rampage  .   (no gloves)
Will     .....                  p - +0 pair of boots
Stlth    +.........             (no amulet)
HPRegen  0.20/turn              (no ring)
MPRegen  0.10/turn              (no ring)

@: corroded
A: horns 2, retaliatory headbutt
a: Renounce Religion


You were on level 6 of the Dungeon.
You worshipped Xom.
You were a beloved toy of Xom.
You visited 1 branch of the dungeon, and saw 6 of its levels.

You collected 216 gold pieces.

Inventory:

Hand Weapons
 a - a +0 hand axe of chaos
 i - a +0 battleaxe (weapon)
   (You found it on level 2 of the Dungeon)
Missiles
 h - 21 poisoned darts (quivered)
 m - 6 datura-tipped darts
Armour
 b - a +2 leather armour (worn)
 p - a +0 pair of boots (worn)
   (You found it on level 4 of the Dungeon)
Wands
 t - a wand of flame (22)
   (You took it off Dowan on level 5 of the Dungeon)
 x - a wand of acid (10)
   (You found it on level 3 of the Dungeon)
Scrolls
 c - a scroll of amnesia {unknown}
 d - 2 scrolls of fear {unknown}
 e - 3 scrolls of vulnerability {unknown}
 f - 3 scrolls of identify {unknown}
 g - 5 scrolls of noise {unknown}
 j - a scroll of silence {unknown}
 q - a scroll of enchant weapon {unknown}
 r - 2 scrolls of teleportation {unknown}
Potions
 k - 2 potions of resistance {unknown}
 l - 3 potions of curing {unknown}
 n - a potion of cancellation {unknown}
 o - a potion of invisibility {unknown}


   Skills:
 + Level 6.0 Fighting
 * Level 7.8 Axes
 + Level 5.4 Armour
 + Level 4.3 Dodging


You had 6 spell levels left.
You didn't know any spells.
Your spell library contained the following spells:

 Spells                   Type           Power      Damage    Failure   Level
 Summon Ice Beast         Ice/Summ       0%         N/A       99%         4
 Summon Mana Viper        Hex/Summ       0%         N/A       100%        5
 Monstrous Menagerie      Summ           0%         N/A       100%        7


Dungeon Overview and Level Annotations

Branches:
Dungeon (6/15)
 Temple: D:4-7

Altars:
Hepliaklqana
Ru

Annotations:
D:2 Sigmund


Innate Abilities, Weirdness & Mutations

You have a pair of horns on your head.
You reflexively headbutt those who attack you in melee.


Message History

You headbutt the jelly, but do no damage.
Xom makes a sudden noise!
You hear a splashing noise.
You hear an angry hiss. x3
A killer bee zombie comes into view.
The jelly hits you. The acid corrodes you!
You are splashed with acid!
Unknown command.
You slash the jelly!
You kill the jelly!
There is a stone staircase leading up here.
The killer bee zombie barely misses you.
You completely miss the killer bee zombie.
Your headbutt misses the killer bee zombie.
The killer bee zombie closely misses you.
The killer bee zombie hits you!
* * * LOW HITPOINT WARNING * * *
You slash the killer bee zombie!
The killer bee zombie barely misses you.
The killer bee zombie completely misses you.
The killer bee zombie hits you!
* * * LOW HITPOINT WARNING * * *
Unknown command.
You barely miss the killer bee zombie.
Your headbutt misses the killer bee zombie.
The killer bee zombie barely misses you.
The killer bee zombie hits you.
* * * LOW HITPOINT WARNING * * *
You closely miss the killer bee zombie.
The killer bee zombie barely misses you.
You furiously retaliate!
You headbutt the killer bee zombie, but do no damage.
The killer bee zombie hits you.
* * * LOW HITPOINT WARNING * * *
Unknown command.
You closely miss the killer bee zombie. The killer bee zombie hits you.
* * * LOW HITPOINT WARNING * * *
The killer bee zombie closely misses you.
You furiously retaliate!
You headbutt the killer bee zombie, but do no damage.
The killer bee zombie hits you.
* * * LOW HITPOINT WARNING * * *
A scorpion comes into view.
The killer bee zombie hits you.
* * * LOW HITPOINT WARNING * * *
The killer bee zombie barely misses you.
The killer bee zombie closely misses you.
The killer bee zombie hits you.
* * * LOW HITPOINT WARNING * * *
The killer bee zombie hits you.
You die...
Xom cackles wildly!

#..........
#..........
#.#........
##<# .......
#..###......
..###..........
......<.....#..
###.......Z####
####...s.@.#
##.........#
#.....#####
#....## #....#
#....# #....#
......


You could see a scorpion and a killer bee zombie.

Vanquished Creatures
  Menkaure (D:5)
  Duvessa (D:5)
  2 ogres
  A centaur (D:5)
  2 scorpions (D:5)
  A howler monkey (D:4)
  A bullfrog skeleton (D:4)
  A centaur skeleton (D:5)
  2 jellies
  An iguana (D:4)
  Natasha (twice) (D:3)
  4 adders
  An adder skeleton (D:4)
  A worm (D:2)
  2 dart slugs
  14 orcs
  9 bats
  4 endoplasms
  3 giant cockroaches
  11 goblins
  5 hobgoblins
  6 jackals
  A quokka (D:2)
  9 ball pythons
  3 frilled lizards
  6 kobolds
  A quokka skeleton (D:4)
  5 rats
100 creatures vanquished.

Vanquished Creatures (collateral kills)
  Dowan (D:5)
1 creature vanquished.

Vanquished Creatures (others)
  4 plants (D:1)
4 creatures vanquished.

Grand Total: 105 creatures vanquished

Notes
Turn   | Place    | Note
-------+----------+-------------------------------------------
     0 | D:1      | Brandom the Minotaur Chaos Knight began the quest for the
                  | Orb.
     0 | D:1      | Reached XP level 1. HP: 19/19 MP: 0/0
   360 | D:1      | Found a faded altar of an unknown god.
   386 | D:1      | Reached XP level 2. HP: 27/27 MP: 1/1
   435 | D:1      | Reached skill level 4 in Axes
  1062 | D:2      | Reached XP level 3. HP: 33/33 MP: 2/2
  1137 | D:2      | XOM: silly message
  1199 | D:2      | Noticed Sigmund
  1222 | D:2      | XOM: smoke on damage
  1510 | D:2      | XOM: divination: detect creatures
  1746 | D:2      | XOM: silly message
  1922 | D:2      | Reached XP level 4. HP: 34/40 MP: 3/3
  2202 | D:3      | XOM: 4-stop teleportation journey
  2535 | D:3      | Noticed Natasha
  2539 | D:3      | Killed Natasha
  2540 | D:3      | Reached skill level 5 in Axes
  2543 | D:3      | Reached XP level 5. HP: 36/47 MP: 4/4
  2548 | D:3      | Noticed Natasha
  2554 | D:3      | Killed Natasha
  2655 | D:3      | Found a sacrificial altar of Ru.
  2850 | D:4      | Reached XP level 6. HP: 53/55 MP: 5/5
  3037 | D:4      | XOM is BORED!
  3037 | D:4      | XOM: noise
  3049 | D:4      | Found a hazy altar of Hepliaklqana.
  3375 | D:5      | Entered Level 5 of the Dungeon
  3388 | D:4      | XOM: cast spell 'Summon Small Mammal'
  3405 | D:4      | XOM: potion effect (heal wounds)
  3409 | D:4      | XOM: butterfly on damage
  3411 | D:4      | Reached skill level 5 in Fighting
  3411 | D:4      | Reached skill level 6 in Axes
  3782 | D:5      | XOM: silly message
  3784 | D:5      | Noticed Menkaure
  3791 | D:5      | Killed Menkaure
  3792 | D:5      | Reached XP level 7. HP: 12/61 MP: 6/6
  3985 | D:5      | XOM is BORED!
  3985 | D:5      | XOM: noise
  4144 | D:5      | Reached skill level 7 in Axes
  4182 | D:5      | Noticed Duvessa
  4183 | D:5      | Noticed Dowan
  4187 | D:5      | Killed Dowan
  4189 | D:5      | Killed Duvessa
  4190 | D:5      | Reached skill level 5 in Armour
  4195 | D:5      | XOM: god gift: scroll labelled RAGHOS DUIBBAA {god gift}
  4216 | D:5      | XOM: divination: detect items
  4239 | D:5      | XOM: divination: magic mapping
  4241 | D:5      | XOM: confuse monster(s)
  4252 | D:5      | XOM: silly message
  4405 | D:5      | XOM: noise
  5035 | D:6      | XOM: noise
  5049 | D:6      | HP: 2/63 [killer bee zombie (3)]
  5050 | D:6      | Slain by a killer bee zombie

Illustrated notes

Levels and vault maps discovered:
D:1:      saegor_arrival_simple_a, layout_loops_ring, serial_bayou,
          serial_bayou_lagoon_a, serial_bayou_ford_a, serial_bayou_pond_c,
          serial_bayou_pond_e, dreamdust_ecumenical_altar_sealed_demon
D:2:      layout_loops_cross, minmay_pentomino_x4, uniq_sigmund
D:3:      layout_rooms, nicolae_overflow_hidden_temple, uniq_natasha
D:4:      layout_rooms, lemuel_tele_altar
D:5:      layout_rooms, kennysheep_donut, st_stairs_3, nrook_campfire,
          grunt_decor_junction, uniq_duvessa, uniq_menkaure
D:6:      layout_layer_cave, gammafunk_temple_overflow_claw

Skill      XL: |  1  2  3  4  5  6  7 |
---------------+----------------------+-----
Axes           | 4 5 6 7 |  7.8
Fighting       | 4 5 6 |  6.0
Armour         | 3 4 5 |  5.4
Dodging        | 2 3 4 |  4.3

Action                   |  1- 3 |  4- 6 |  7- 9 || total
-------------------------+-------+-------+-------++-------
Melee: Hand axe          |    40 |       |       ||    40
       Headbutt          |    10 |    17 |     5 ||    32
       Battleaxe         |    42 |    96 |    30 ||   168
Throw: Dart              |       |       |     3 ||     3
Evoke: Wand              |       |       |     3 ||     3
 Stab: Petrifying        |     1 |       |       ||     1
       Sleeping          |       |     1 |       ||     1
Armor: Leather armour    |    40 |    47 |     2 ||    89
Dodge: Dodged            |    61 |    87 |    27 ||   175
